PL
BOSTON PATRIOTS @ VANCOUVER GREY WOLVES
08/17/2034
 
TOP OF THE 1ST
Boston Patriots batting - Pitching for Vancouver Grey Wolves : LHP Miguel López
Pitching: LHP Miguel López
Batting: RHB Shohei Kiyomizu 0-0: Ball
1-0: Ball
2-0: Ball
3-0: Called Strike
3-1: Called Strike
3-2: Foul Ball, location: 2F
3-2: Base on Balls
Batting: RHB Kantaro Taniguchi 0-0: Fly out, F8 (Flyball, 8RM)
Batting: LHB Jorge Alejándrez 0-0: Called Strike
0-1: Foul Ball, location: 2F
0-2: Foul Ball, location: 2F
0-2: Foul Ball, location: 2F
0-2: Fielders Choice at 2nd, 4-6 (Groundball, 4)
Batting: LHB Manuel Carmona 0-0: Ball
1-0: Fly out, F9 (Flyball, 9LD)
Top of the 1st over - 0 runs, 0 hits, 0 errors, 1 left on base; Boston 0 - Vancouver 0
BOTTOM OF THE 1ST
Vancouver Grey Wolves batting - Pitching for Boston Patriots : RHP Aurelio López
Pitching: RHP Aurelio López
Batting: RHB Urs van Munster 0-0: Foul Ball, location: 2F
0-1: Ground out 3-1 (Groundball, 34S)
Batting: RHB Hugh Mungus 0-0: Swinging Strike
0-1: Ball
1-1: Foul Ball, location: 2F
1-2: Ball
2-2: SINGLE (Flyball, 8RS)
Batting: LHB Johan Kroening 0-0: Ball
1-0: Called Strike
1-1: Swinging Strike
1-2: Strikes out swinging
Batting: RHB Iván Vega 0-0: Called Strike
0-1: Ball
1-1: Ground out 5-3 (Groundball, 5S)
Bottom of the 1st over - 0 runs, 1 hit, 0 errors, 1 left on base; Boston 0 - Vancouver 0
TOP OF THE 2ND
Boston Patriots batting - Pitching for Vancouver Grey Wolves : LHP Miguel López
Batting: RHB Anselmo Berneu 0-0: Called Strike
0-1: Ball
1-1: Foul Ball, location: 2F
1-2: Strikes out swinging
Batting: RHB Dennis Wacher 0-0: Foul Ball, location: 2F
0-1: Ball
1-1: Swinging Strike
1-2: Fly out, F9 (Flyball, 89S)
Batting: SHB Edward Sterrenburg 0-0: Called Strike
0-1: Ground out 6-3 (Groundball, 6)
Top of the 2nd over - 0 runs, 0 hits, 0 errors, 0 left on base; Boston 0 - Vancouver 0
BOTTOM OF THE 2ND
Vancouver Grey Wolves batting - Pitching for Boston Patriots : RHP Aurelio López
Batting: LHB Michael Malloy 0-0: Swinging Strike
0-1: Ball
1-1: Ball
2-1: Ball
3-1: Foul Ball, location: 2F
3-2: Base on Balls
Batting: RHB Ángelo Delgado 0-0: Ball
1-0: Ball
2-0: Called Strike
2-1: Foul Ball, location: 2F
2-2: Fly out, F9 (Flyball, 9)
Batting: LHB Gerardo Ponce de Leon 0-0: Called Strike
0-1: Ball
1-1: Foul Ball, location: 2F
1-2: Ball
2-2: Ball
3-2: Fly out, F7 (Flyball, 7)
Batting: LHB Michael Ward 0-0: Ball
1-0: Ball
2-0: Foul Ball, location: 2F
2-1: Fly out, F7 (Flyball, 78S)
Bottom of the 2nd over - 0 runs, 0 hits, 0 errors, 1 left on base; Boston 0 - Vancouver 0
TOP OF THE 3RD
Boston Patriots batting - Pitching for Vancouver Grey Wolves : LHP Miguel López
Batting: RHB Yu-shu Kang 0-0: Called Strike
0-1: Foul Ball, location: 2F
0-2: Fly out, F2 (Popup, 2R)
Batting: LHB Juan Alvarado 0-0: Ball
1-0: Foul Ball, location: 2F
1-1: Foul Ball, location: 2F
1-2: Foul Ball, location: 2F
1-2: Foul Ball, location: 2F
1-2: Ball
2-2: Strikes out swinging
Batting: RHB Shohei Kiyomizu 0-0: Foul Ball, location: 2F
0-1: Foul Ball, location: 2F
0-2: Strikes out swinging
Top of the 3rd over - 0 runs, 0 hits, 0 errors, 0 left on base; Boston 0 - Vancouver 0
BOTTOM OF THE 3RD
Vancouver Grey Wolves batting - Pitching for Boston Patriots : RHP Aurelio López
Batting: RHB Gabriel Hernández 0-0: Called Strike
0-1: Fly out, F7 (Flyball, 7LD)
Batting: RHB Urs van Munster 0-0: Called Strike
0-1: Ball
1-1: Ball
2-1: Ball
3-1: Ground out 5-3 (Groundball, 56)
Batting: RHB Hugh Mungus 0-0: Called Strike
0-1: Ball
1-1: SINGLE (Groundball, 6MD)
Batting: LHB Johan Kroening 0-0: Swinging Strike
0-1: Called Strike
0-2: Fly out, F8 (Flyball, 8RM)
Bottom of the 3rd over - 0 runs, 1 hit, 0 errors, 1 left on base; Boston 0 - Vancouver 0
TOP OF THE 4TH
Boston Patriots batting - Pitching for Vancouver Grey Wolves : LHP Miguel López
Batting: RHB Kantaro Taniguchi 0-0: Ball
1-0: SINGLE (Line Drive, 7LS)
Batting: LHB Jorge Alejándrez 0-0: 2-RUN HOME RUN (Flyball, 7D), Distance : 360 ft
Batting: LHB Manuel Carmona 0-0: Ball
1-0: Ball
2-0: Foul Ball, location: 2F
2-1: Fly out, F8 (Flyball, 8LM)
Batting: RHB Anselmo Berneu 0-0: Called Strike
0-1: Swinging Strike
0-2: Ball
1-2: Foul Ball, location: 2F
1-2: Strikes out swinging, 2-3 out at first.
Batting: RHB Dennis Wacher 0-0: Swinging Strike
0-1: Called Strike
0-2: Strikes out looking
Top of the 4th over - 2 runs, 2 hits, 0 errors, 0 left on base; Boston 2 - Vancouver 0
BOTTOM OF THE 4TH
Vancouver Grey Wolves batting - Pitching for Boston Patriots : RHP Aurelio López
Batting: RHB Iván Vega 0-0: Called Strike
0-1: Foul Ball, location: 2F
0-2: Ball
1-2: Reached on error, E6 (Groundball, 6)
Batting: LHB Michael Malloy 0-0: Ball
1-0: Foul Ball, location: 2F
1-1: Foul Ball, location: 2F
1-2: Ball
2-2: Ball
3-2: Ground out 5-3 (Groundball, 5L)
Batting: RHB Ángelo Delgado 0-0: Called Strike
0-1: Foul Ball, location: 2F
0-2: Ball
1-2: Ball
2-2: Ball
3-2: Strikes out swinging
Batting: LHB Gerardo Ponce de Leon 0-0: Called Strike
0-1: Foul Ball, location: 2F
0-2: Fly out, F9 (Flyball, 9LSF)
Bottom of the 4th over - 0 runs, 0 hits, 1 error, 1 left on base; Boston 2 - Vancouver 0
TOP OF THE 5TH
Boston Patriots batting - Pitching for Vancouver Grey Wolves : LHP Miguel López
Batting: SHB Edward Sterrenburg 0-0: Foul Ball, location: 2F
0-1: Fly out, F9 (Flyball, 89S)
Batting: RHB Yu-shu Kang 0-0: Ground out 5-3 (Groundball, 5S)
Batting: LHB Juan Alvarado 0-0: Ball
1-0: Called Strike
1-1: Ground out 4-3 (Groundball, 4)
Top of the 5th over - 0 runs, 0 hits, 0 errors, 0 left on base; Boston 2 - Vancouver 0
BOTTOM OF THE 5TH
Vancouver Grey Wolves batting - Pitching for Boston Patriots : RHP Aurelio López
Batting: LHB Michael Ward 0-0: Ball
1-0: Ball
2-0: Foul Ball, location: 2F
2-1: Fly out, F8 (Line Drive, 8LS)
Batting: RHB Gabriel Hernández 0-0: Ground out 6-3 (Groundball, 6)
Batting: RHB Urs van Munster 0-0: Ball
1-0: Reached on error, E5 (Groundball, 56)
Batting: RHB Hugh Mungus 0-0: Fly out, F7 (Flyball, 78M)
Bottom of the 5th over - 0 runs, 0 hits, 1 error, 1 left on base; Boston 2 - Vancouver 0
TOP OF THE 6TH
Boston Patriots batting - Pitching for Vancouver Grey Wolves : LHP Miguel López
Batting: RHB Shohei Kiyomizu 0-0: Ball
1-0: Ground out 1-3 (Groundball, 15S)
Batting: RHB Kantaro Taniguchi 0-0: Ball
1-0: Ground out 5-3 (Groundball, 56)
Batting: LHB Jorge Alejándrez 0-0: Ball
1-0: Foul Ball, location: 2F
1-1: Ball
2-1: Fly out, F9 (Flyball, 9LS)
Top of the 6th over - 0 runs, 0 hits, 0 errors, 0 left on base; Boston 2 - Vancouver 0
BOTTOM OF THE 6TH
Vancouver Grey Wolves batting - Pitching for Boston Patriots : RHP Aurelio López
Batting: LHB Johan Kroening 0-0: Swinging Strike
0-1: Ball
1-1: Called Strike
1-2: Ball
2-2: Strikes out looking
Batting: RHB Iván Vega 0-0: Ball
1-0: Ball
2-0: Ground out 5-3 (Groundball, 56)
Batting: LHB Michael Malloy 0-0: Ground out 4-3 (Groundball, 4)
Bottom of the 6th over - 0 runs, 0 hits, 0 errors, 0 left on base; Boston 2 - Vancouver 0
TOP OF THE 7TH
Boston Patriots batting - Pitching for Vancouver Grey Wolves : LHP Miguel López
Batting: LHB Manuel Carmona 0-0: Ball
1-0: Ball
2-0: Called Strike
2-1: Called Strike
2-2: Ground out 6-3 (Groundball, 6)
Batting: RHB Anselmo Berneu 0-0: Swinging Strike
0-1: Ball
1-1: Ball
2-1: Foul Ball, location: 2F
2-2: Ball
3-2: SOLO HOME RUN (Flyball, 78XD), Distance : 380 ft
Batting: RHB Dennis Wacher 0-0: Foul Ball, location: 2F
0-1: Fly out, F7 (Flyball, 78D)
Batting: SHB Edward Sterrenburg 0-0: Called Strike
0-1: Ball
1-1: Ball
2-1: Ball
3-1: Swinging Strike
3-2: SINGLE (Line Drive, 34D)
Batting: RHB Yu-shu Kang 0-0: Ball
1-0: Called Strike
1-1: SINGLE (Groundball, 25) (infield hit)
Edward Sterrenburg to second
Batting: LHB Juan Alvarado 0-0: Foul Ball, location: 2F
0-1: Swinging Strike
0-2: Fielders Choice at 2nd, 6-4 (Groundball, 6)
Top of the 7th over - 1 run, 3 hits, 0 errors, 2 left on base; Boston 3 - Vancouver 0
BOTTOM OF THE 7TH
Vancouver Grey Wolves batting - Pitching for Boston Patriots : RHP Aurelio López
Batting: RHB Ángelo Delgado 0-0: Ball
1-0: Ball
2-0: Ground out 6-3 (Groundball, 6D)
Batting: LHB Gerardo Ponce de Leon 0-0: Ball
1-0: Ball
2-0: Called Strike
2-1: SINGLE (Flyball, 89M)
Pitching: LHP Bradley Roth
Batting: LHB Michael Ward 0-0: Ball
1-0: Swinging Strike
1-1: Foul Ball, location: 2F
1-2: Strikes out swinging
Batting: RHB Gabriel Hernández 0-0: Ball
1-0: Foul Ball, location: 2F
1-1: Called Strike
1-2: Ball
2-2: Foul Ball, location: 2F
2-2: Strikes out swinging
Bottom of the 7th over - 0 runs, 1 hit, 0 errors, 1 left on base; Boston 3 - Vancouver 0
TOP OF THE 8TH
Boston Patriots batting - Pitching for Vancouver Grey Wolves : LHP Miguel López
Batting: RHB Shohei Kiyomizu 0-0: Called Strike
0-1: Ball
1-1: SINGLE (Line Drive, 8RS)
Pitching: LHP Sjaak Bonne
Batting: RHB Kantaro Taniguchi 0-0: Foul Ball, location: 2F
0-1: Ball
1-1: Fly out, F7 (Flyball, 7D)
Batting: LHB Jorge Alejándrez 0-0: Foul Ball, location: 2F
0-1: Ball
1-1: Foul Ball, location: 2F
1-2: Ball
2-2: Fly out, F7 (Flyball, 7S)
Batting: LHB Manuel Carmona 0-0: Called Strike
0-1: Swinging Strike
0-2: Foul Ball, location: 2F
0-2: Ball
1-2: Strikes out swinging
Top of the 8th over - 0 runs, 1 hit, 0 errors, 1 left on base; Boston 3 - Vancouver 0
BOTTOM OF THE 8TH
Vancouver Grey Wolves batting - Pitching for Boston Patriots : LHP Bradley Roth
Batting: RHB Urs van Munster 0-0: Ball
1-0: Foul Ball, location: 2F
1-1: Ground out U3 (Groundball, 34S)
Batting: RHB Hugh Mungus 0-0: Ball
1-0: Ground out 6-3 (Groundball, 6)
Batting: LHB Johan Kroening 0-0: Ball
1-0: Called Strike
1-1: Swinging Strike
1-2: Strikes out swinging
Bottom of the 8th over - 0 runs, 0 hits, 0 errors, 0 left on base; Boston 3 - Vancouver 0
TOP OF THE 9TH
Boston Patriots batting - Pitching for Vancouver Grey Wolves : LHP Sjaak Bonne
Batting: RHB Anselmo Berneu 0-0: Ball
1-0: Ball
2-0: Called Strike
2-1: Called Strike
2-2: Strikes out swinging
Batting: RHB Dennis Wacher 0-0: Ball
1-0: Called Strike
1-1: DOUBLE (Groundball, 5L)
Batting: SHB Edward Sterrenburg 0-0: Ball
1-0: Foul Ball, location: 2F
1-1: Foul Ball, location: 2F
1-2: Foul Ball, location: 2F
1-2: Ball
2-2: Foul Ball, location: 2F
2-2: Strikes out swinging
Batting: RHB Yu-shu Kang 0-0: Called Strike
0-1: Swinging Strike
0-2: Ball
1-2: SINGLE (Flyball, 8RS)
Dennis Wacher to third
Runner from 3rd tries for Home, SAFE, no throw
Batting: LHB Juan Alvarado 0-0: Ball
1-0: Ball
2-0: Called Strike
2-1: Called Strike
2-2: SINGLE (Groundball, 4MD)
Yu-shu Kang to second
Runner from 2nd tries for 3rd, SAFE, throw made to third
Juan Alvarado to second
Batting: RHB Shohei Kiyomizu 0-0: Ball
1-0: Ball
2-0: Foul Ball, location: 2F
2-1: Called Strike
2-2: Strikes out swinging
Top of the 9th over - 1 run, 3 hits, 0 errors, 2 left on base; Boston 4 - Vancouver 0
BOTTOM OF THE 9TH
Vancouver Grey Wolves batting - Pitching for Boston Patriots : LHP Bradley Roth
Batting: RHB Iván Vega 0-0: Ball
1-0: Ball
2-0: Foul Ball, location: 2F
2-1: Ball
3-1: Foul Ball, location: 2F
3-2: Strikes out swinging
Pitching: LHP José Sánchez
Batting: LHB Michael Malloy 0-0: Called Strike
0-1: Ball
1-1: Swinging Strike
1-2: Strikes out looking
Batting: RHB Ángelo Delgado 0-0: Ball
1-0: Swinging Strike
1-1: Ball
2-1: Swinging Strike
2-2: Foul Ball, location: 2F
2-2: Fly out, F8 (Flyball, 78M)
Bottom of the 9th over - 0 runs, 0 hits, 0 errors, 0 left on base; Boston 4 - Vancouver 0
Friday, March 29th, 2019 - OOTP Baseball 18.8 Build 76